AoeStats
← LeonGamer7u7

Black Forest

510145466Analyzed
3v3 RM · 3d ago on Sep 29, 2026· 88m 48s· 6 players
Game mode
Random Map
Map size
Normal (6 player)
Population
200
Speed
Normal
Resources
Standard
Victory
Conquest
Starting age
Dark Age
Ending age
Imperial Age
RankedLock teamsTeams togetherTeam positionsShared explorationLock speedFull tech treeHidden civsTurbo modeCheats
Victory
Defeat
🇲🇽 Jurchens · Mexico
938
+15
🇲🇽 Portuguese · Mexico
877
+17
🇲🇽 Japanese · Mexico
868
+17
🇵🇰 Hindustanis · Pakistan
967
-19
🇵🇰 Bulgarians · Pakistan
897
-16
🇵🇰 Turks · Pakistan
843
-14
Shonedrache
0:45 Loom
12:51 Feudal Age
13:18 Double-Bit Axe
13:26 Gold Mining
19:26 Castle Age
17:11 Horse Collar
17:41 Stone Mining
18:15 Man-at-Arms
19:36 Arson
diossnefru1
0:28 Loom
12:33 Feudal Age
13:56 Wheelbarrow
13:10 Double-Bit Axe
13:09 Horse Collar
21:05 Castle Age
20:53 Stone Mining
21:00 Gold Mining
22:09 Hand Cart
21:56 Heavy Plow
22:31 Bow Saw
24:49 Fletching
30:56 Caravan
31:53 Stone Shaft Mining
34:54 Imperial Age
35:06 Padded Archer Armor
35:02 Bodkin Arrow
35:18 Forging
35:56 Conscription
35:37 Arquebus
37:01 Two-Man Saw
38:07 Chemistry
36:48 Treadmill Crane
36:56 Elite Organ Gun
38:05 Ballistics
37:56 Bracer
39:34 Onager
41:02 Heated Shot
41:40 Scale Mail Armor
42:15 Iron Casting
41:56 Leather Archer Armor
41:17 Pikeman
41:43 Arson
45:47 Chain Mail Armor
46:03 Ring Archer Armor
46:33 Blast Furnace
44:57 Halberdier
58:40 Masonry
58:35 Siege Engineers
LeonGamer7u7
8:39 Loom
11:05 Feudal Age
12:42 Wheelbarrow
13:32 Double-Bit Axe
13:28 Horse Collar
17:53 Castle Age
16:38 Town Watch
19:24 Bow Saw
21:23 Pikeman
24:51 Squires
33:35 Imperial Age
32:24 Fervor
32:40 Heavy Plow
33:30 Siege Engineers
33:26 Treadmill Crane
33:52 Gold Mining
33:54 Stone Mining
35:20 Chemistry
34:52 Hand Cart
34:39 Town Patrol
35:15 Forging
35:06 Scale Mail Armor
34:34 Heavy Rocket Cart
36:12 Conscription
36:23 Arson
36:39 Murder Holes
37:06 Caravan
38:14 Iron Casting
37:55 Chain Mail Armor
37:06 Halberdier
40:01 Gold Shaft Mining
40:08 Stone Shaft Mining
42:30 Ballistics
42:02 Elite Iron Pagoda
42:45 Fortified Bastions
43:25 Hoardings
43:10 Bloodlines
43:01 Husbandry
45:04 Blast Furnace
44:36 Fletching
44:47 Padded Archer Armor
45:36 Thunderclap Bombs
45:36 Scale Barding Armor
48:37 Two-Man Saw
48:09 Crop Rotation
50:36 Bodkin Arrow
50:57 Leather Archer Armor
56:56 Elite Fire Lancer
57:59 Chain Barding Armor
57:40 Bracer
58:13 Ring Archer Armor
59:16 Plate Barding Armor
59:21 Sappers
60:59 Fortified Wall
69:08 Light Cavalry
69:11 Elite Steppe Lancer
77:13 Elite Skirmisher
80:39 Heavy Scorpion
88:39 Coinage
88:19 Guilds
[JANGJU] Jin Baba
1:31 Loom
13:44 Feudal Age
18:47 Castle Age
24:35 Double-Bit Axe
27:43 Wheelbarrow
30:43 Horse Collar
33:17 Treadmill Crane
37:52 Imperial Age
36:57 Gold Mining
38:21 Gold Shaft Mining
37:37 Stone Mining
39:01 Conscription
39:38 Bow Saw
41:10 Artillery
45:43 Heavy Camel Rider
51:42 Hand Cart
51:54 Bombard Tower
51:55 Ballistics
51:34 Murder Holes
51:52 Masonry
53:11 Fletching
53:21 Padded Archer Armor
64:02 Caravan
64:17 Bodkin Arrow
64:45 Crossbowman
65:30 Thumb Ring
69:29 Bracer
69:44 Leather Archer Armor
87:57 Bloodlines
Wild Nût Buster
11:16 Feudal Age
17:21 Castle Age
18:42 Double-Bit Axe
20:40 Bow Saw
24:49 Horse Collar
29:07 Wheelbarrow
28:17 Town Watch
28:17 Loom
28:53 Gold Mining
28:53 Stone Mining
29:12 Scale Barding Armor
29:17 Forging
32:16 Imperial Age
31:13 Iron Casting
30:59 Chain Barding Armor
31:02 Hand Cart
30:47 Town Patrol
31:24 Town Patrol
32:00 Heavy Plow
34:16 Blast Furnace
33:51 Plate Barding Armor
34:10 Conscription
35:27 Bloodlines
35:19 Husbandry
34:42 Heavy Camel Rider
36:02 Imperial Camel Rider
39:28 Two-Man Saw
39:18 Light Cavalry
41:39 Hussar
62:40 Caravan
69:00 Man-at-Arms
69:51 Scale Mail Armor
69:47 Long Swordsman
72:45 Crossbowman
74:34 Thumb Ring
74:25 Fletching
74:35 Padded Archer Armor
74:31 Elite Skirmisher
80:00 Bodkin Arrow
80:20 Leather Archer Armor
80:30 Bracer
81:41 Leather Archer Armor
83:47 Ballistics
86:19 Chemistry
Hussy Gamer
0:42 Loom
12:52 Feudal Age
17:54 Castle Age
20:39 Fletching
22:37 Bodkin Arrow
25:22 Murder Holes
33:35 Double-Bit Axe
33:40 Horse Collar
34:26 Bow Saw
35:03 Gold Mining
36:08 Heavy Plow
36:50 Wheelbarrow
39:35 Gold Shaft Mining
38:52 Stone Mining
43:38 Hand Cart
44:51 Elite Skirmisher
46:06 Scale Barding Armor
46:02 Scale Mail Armor
48:49 Imperial Age
49:55 Chain Barding Armor
49:51 Chain Mail Armor
49:47 Forging
49:37 Bracer
49:38 Padded Archer Armor
50:34 Crop Rotation
53:21 Plate Barding Armor
53:16 Plate Mail Armor
53:22 Iron Casting
53:02 Leather Archer Armor
54:58 Conscription
54:34 Stirrups
54:41 Bagains
54:44 Light Cavalry
55:49 Bloodlines
55:39 Husbandry
56:47 Blast Furnace
56:11 Ballistics
55:41 Heated Shot
55:28 Hussar
57:01 Caravan
58:07 Chemistry
59:18 Heavy Cavalry Archer
Connection lost

Rejoining the realm…

Still unreachable

The connection could not be restored.

Session expired

The server has moved on; the page needs a fresh start.